 Dungeon Crawl Stone Soup version 0.26.1-2-gb8aa6d0cf2 (webtiles) character file.

Game seed: 14764318973648778927

404 Dillybarz the Skirmisher (level 6, -1/51 HPs)
             Began as a Barachi Fighter on Feb 23, 2021.
             Slain by an orc
             ... wielding a +0 trident
              (3 damage)
             ... on level 4 of the Dungeon.
             The game lasted 00:10:31 (3355 turns).

Dillybarz the Skirmisher (Barachi Fighter)          Turns: 3355, Time: 00:10:31

Health: -1/51      AC: 11    Str: 19    XL:     6   Next: 86%
Magic:  6/6        EV:  5    Int:  8    God:
Gold:   145        SH: 10    Dex: 12    Spells: 5/5 levels left

rFire    . . .     SeeInvis .   a - +0 long sword
rCold    . . .     Faith    .   c - +0 kite shield
rNeg     . . .     Spirit   .   f - +0 chain mail
rPois    .         Reflect  .   h - +0 helmet
rElec    .         Harm     .   (no cloak)
rCorr    .         Rampage  .   (no gloves)
Will     .....                  (no boots)
Stlth    ..........             (no amulet)
HPRegen  0.17/turn              (no ring)
MPRegen  0.10/turn              (no ring)

@: slow
A: +LOS, swims, slowness 1, strong legs 1
a: Hop


You were on level 4 of the Dungeon.
You visited 1 branch of the dungeon, and saw 4 of its levels.

You collected 145 gold pieces.

Inventory:

Hand Weapons
 a - a +0 long sword (weapon)
Missiles
 n - 65 sling bullets
 o - 93 stones
Armour
 b - a +0 scale mail
 c - a +0 kite shield (worn)
 f - a +0 chain mail (worn)
 h - a +0 helmet (worn)
Scrolls
 g - 2 scrolls of identify
 m - 3 scrolls of teleportation
Potions
 d - 3 potions of might
 e - 4 potions of curing
 i - 2 potions of cancellation
 j - 2 potions of lignification
 k - a potion of magic
 l - a potion of haste
 p - a potion of invisibility


   Skills:
 + Level 5.4 Fighting
 + Level 4.7 Long Blades
 + Level 5.4 Armour
 + Level 5.0 Shields


You had 5 spell levels left.
You didn't know any spells.
Your spell library was empty.

Dungeon Overview and Level Annotations

Branches:
Dungeon (4/15)
 Temple: D:4-7

Altars:
Fedhas
Trog


Innate Abilities, Weirdness & Mutations

You can be seen from farther away. (+LOS)
You can swim through water.
You cover ground slowly.
You can hop short distances.


Message History

The orc hits you with a +0 trident.
* * * LOW HITPOINT WARNING * * *
Something hits you but does no damage.
You hit the orc but do no damage. Something hits you but does no damage.
An orc comes into view. It is wielding a -2 club.
The orc hits you but does no damage.
You hear some strange, mumbled words.
A puff of frost appears from out of thin air!
The puff of frost hits you!
* * * LOW HITPOINT WARNING * * *
Your shield prevents you from hitting the orc.
You hear some strange, mumbled words.
A magic dart appears from out of thin air!
The magic dart hits you but does no damage.
The orc hits you with a +0 trident.
* * * LOW HITPOINT WARNING * * *
Something hits you but does no damage.
Your chain mail prevents you from hitting the orc.
The orc hits you with a +0 trident.
You die...

.................#
.................#
.....o......(....#
................##
.≈≈..≈..<........#
..≈≈≈.?....#..#...
..≈_≈...†.##### .
...≈≈.......#
.≈≈..≈..#.o@#
........###{###
........ #†..#
........ #$......#
...............[.....
..#...##..##?.##...#
..## .... ...# .##
.##.. .!## # # ###
..#


You could see 2 orcs.

Vanquished Creatures
  An ice beast (D:2)
  A bullfrog (D:4)
  A gnoll sergeant (D:3)
  A hound (D:4)
  An iguana (D:3)
  3 adders
  3 gnolls (D:3)
  2 worms
  2 dart slugs
  2 leopard geckos
  3 orcs (D:4)
  9 hobgoblins
  5 jackals
  5 quokkas
  A ball python (D:1)
  6 bats
  3 frilled lizards
  9 goblins
  5 kobolds
  5 rats
68 creatures vanquished.

Notes
Turn   | Place    | Note
-------+----------+-------------------------------------------
     0 | D:1      | Dillybarz the Barachi Fighter began the quest for the Orb.
     0 | D:1      | Reached XP level 1. HP: 18/18 MP: 1/1
     2 | D:1      | Noticed an octopode
     2 | D:1      | Noticed a merfolk
     4 | D:1      | Noticed an ogre
     4 | D:1      | Noticed a minotaur
     6 | D:1      | Noticed a demigod
     6 | D:1      | Noticed a troll
     8 | D:1      | Noticed an elf
     8 | D:1      | Noticed a draconian
    10 | D:1      | Noticed a centaur
    12 | D:1      | Noticed a ghoul
    14 | D:1      | Noticed a human
    14 | D:1      | Noticed a gargoyle
    16 | D:1      | Noticed a vine stalker
    16 | D:1      | Noticed a halfling
    18 | D:1      | Noticed a formicid
    18 | D:1      | Noticed a spriggan
    20 | D:1      | Noticed a naga
    20 | D:1      | Noticed a demonspawn
    22 | D:1      | Noticed a dwarf
    22 | D:1      | Noticed a felid
    24 | D:1      | Noticed a tengu
    26 | D:1      | Noticed a vampire
   206 | D:1      | Reached XP level 2. HP: 17/25 MP: 2/2
   742 | D:2      | Reached XP level 3. HP: 30/30 MP: 3/3
   764 | D:2      | Noticed an ice beast
   784 | D:2      | Killed an ice beast
   785 | D:2      | Reached XP level 4. HP: 28/38 MP: 4/4
   785 | D:2      | Reached XP level 5. HP: 32/43 MP: 5/5
  1588 | D:3      | Found a bloodstained altar of Trog.
  2729 | D:3      | Reached skill level 5 in Fighting
  2729 | D:3      | Reached skill level 5 in Armour
  2729 | D:3      | Reached XP level 6. HP: 25/51 MP: 6/6
  3302 | D:4      | Found a blossoming altar of Fedhas.
  3349 | D:4      | Reached skill level 5 in Shields
  3354 | D:4      | HP: 1/51 [orc/+0 trident (2)]
  3355 | D:4      | Slain by an orc

Illustrated notes

Levels and vault maps discovered:
D:1:      kb_arrival_jail, layout_rooms, grunt_decor_one_mirror
D:2:      layout_rooms, minmay_tromino_v4_a
D:3:      layout_loops_ring, lemuel_doored_altar
D:4:      layout_cave_pools, fedhas_altar_2, minmay_overflow_temple_star_quad,
          uniq_duvessa

Skill      XL: |  1  2  3  4  5  6 |
---------------+-------------------+-----
Armour         | 4 5 |  5.4
Fighting       | 4 5 |  5.4
Long Blades    | 3 4 |  4.7
Shields        | 4 5 |  5.0

Action                   |  1- 3 |  4- 6 || total
-------------------------+-------+-------++-------
Melee: Long sword        |    96 |   180 ||   276
 Abil: Hop               |       |     1 ||     1
  Use: Scroll            |     4 |     6 ||    10
Armor: Chain mail        |    82 |   137 ||   219
       Scale mail        |     1 |       ||     1
Dodge: Dodged            |    20 |    54 ||    74
Block: Kite shield       |    67 |   116 ||   183
       Rpst.: Long sword |     5 |    22 ||    27
